 Dungeon Crawl Stone Soup version 0.29.1-14-g9c671dbff4 (webtiles) character file.

Game seed: 4173644886386714728

46 cdecastro the Chopper (level 3, -6/31 HPs)
             Began as a Hill Orc Fighter on Feb 21, 2023.
             Mangled by a worm (7 damage)
             ... on level 2 of the Dungeon.
             The game lasted 00:02:16 (1164 turns).

cdecastro the Chopper (Hill Orc Fighter)            Turns: 1164, Time: 00:02:16

Health: -6/31      AC:  8    Str: 20    XL:     3   Next: 68%
Magic:  3/3        EV:  9    Int:  8    God:
Gold:   54         SH:  0    Dex: 10    Spells: 2/2 levels left

rFire   . . .      SeeInvis .   a - +0 war axe
rCold   . . .      Faith    .   (no shield)
rNeg    . . .      Spirit   .   b - +0 scale mail
rPois   .          Reflect  .   (no helmet)
rElec   .          Harm     .   (no cloak)
rCorr   .          Rampage  .   (no gloves)
Will    .....                   j - +0 pair of boots
Stlth   ..........              (no amulet)
HPRegen 0.10/turn               (no ring)
MPRegen 0.08/turn               (no ring)

@: no status effects
A: no striking features
a: no special abilities


You were on level 2 of the Dungeon.
You visited 1 branch of the dungeon, and saw 2 of its levels.

You collected 54 gold pieces.

Inventory:

Hand Weapons
 a - a +0 war axe (weapon)
 k - the +10 dagger "Nefiddis" {chaos, rElec Will+ Stlth+}
   (You found it on level 2 of the Dungeon)

   Each time it hits an enemy it has a different, random effect.
   rElec:     It insulates you from electricity.
   Will:      It increases your willpower.
   Stlth:     It makes you more stealthy.
Armour
 b - a +0 scale mail (worn)
 c - a +0 buckler
 j - a +0 pair of boots (worn)
Scrolls
 f - 2 scrolls of teleportation {unknown}
 h - 2 scrolls of identify {unknown}
 i - a scroll of noise {unknown}
 l - a scroll of torment {unknown}
Potions
 d - a potion of might
 e - a potion of resistance {unknown}
 g - a potion of lignification {unknown}


   Skills:
 - Level 3.6 Fighting
 + Level 5.2 Axes
 - Level 3.2 Armour
 - Level 3.2 Shields


You had 2 spell levels left.
You didn't know any spells.
Your spell library was empty.

Dungeon Overview and Level Annotations

Branches:
Dungeon (2/15)

Altars:


Message History

The endoplasm freezes you.
You are frozen.
You barely miss the endoplasm.
The endoplasm is almost dead.
The endoplasm freezes you.
You are frozen.
You are too injured to fight recklessly!
You are too injured to fight recklessly!
You are too injured to fight recklessly!
You are too injured to fight recklessly!
You are too injured to fight recklessly!
You slash the endoplasm!
You kill the endoplasm!
You hit the worm.
The worm is lightly wounded.
The worm bites you.
You barely miss the worm. The worm bites you!
* * * LOW HITPOINT WARNING * * *
You slash the worm!
The worm is heavily wounded.
You hit the worm.
The worm is heavily wounded.
The worm bites you but does no damage.
You hit the worm but do no damage.
The worm is heavily wounded.
The worm bites you but does no damage.
You barely miss the worm.
The worm is moderately wounded.
You hit the worm.
The worm is heavily wounded.
The worm bites you.
* * * LOW HITPOINT WARNING * * *
You barely miss the worm.
The worm is moderately wounded.
The worm bites you!
* * * LOW HITPOINT WARNING * * *
You hit the worm but do no damage.
The worm is moderately wounded.
The worm bites you!
You die...

#. #.### ##...##
##.....## #..
####.......# #.#
...........# #.#
...........### #.#
#.w@.....###.# ###
...........#..##.# ##..
...............#.####..#
...........#.#......#.#.
....>.....##.###.##.#.#.
.........###..#..##.....
.>..#.##.####.#....##.##
#####. #....#......##.##
.[.....†...##...


You could see a worm.

Vanquished Creatures
  An adder (D:2)
  3 dart slugs
  6 endoplasms
  A giant cockroach (D:2)
  2 goblins
  3 hobgoblins
  A kobold (D:2)
  A quokka (D:1)
  5 ball pythons
  2 bats
  2 frilled lizards
  2 rats
29 creatures vanquished.

Notes
Turn   | Place    | Note
-------+----------+-------------------------------------------
     0 | D:1      | cdecastro the Hill Orc Fighter began the quest for the Orb.
     0 | D:1      | Reached XP level 1. HP: 19/19 MP: 1/1
   103 | D:1      | Reached skill level 3 in Axes
   127 | D:1      | Reached XP level 2. HP: 18/26 MP: 2/2
   236 | D:1      | Found a faded altar of an unknown god.
   256 | D:1      | Reached skill level 4 in Axes
   884 | D:2      | Reached XP level 3. HP: 31/31 MP: 3/3
   993 | D:2      | Identified the +10 dagger "Nefiddis" {chaos, rElec Will+
                  | Stlth+}
  1013 | D:2      | Reached skill level 5 in Axes
  1163 | D:2      | HP: 1/31 [worm (9)]
  1164 | D:2      | Mangled by a worm

Illustrated notes

Levels and vault maps discovered:
D:1:      saegor_arrival_simple_e, layout_loops_ring,
          nicolae_ecumenical_snake_handling
D:2:      layout_rooms, grunt_ministairs_6, minmay_vboxes,
          uniq_crazy_yiuf_cottage

Skill      XL: |  1  2  3 |
---------------+----------+-----
Axes           | 3 4 5 |  5.2
Fighting       | |  3.6
Armour         | |  3.2
Shields        | |  3.2

Action                   || total
-------------------------++-------
Melee: War axe           ||    70
       Punch             ||     1
Armor: Scale mail        ||    26
Dodge: Dodged            ||    31
